 Dungeon Crawl Stone Soup version 0.29-a0-90-gc37658a0fe (webtiles) character file.

Game seed: 7150526636294658993

701 kae the Ruffian (level 7, 0/57 HPs)
             Began as a Red Draconian Transmuter on Feb 6, 2022.
             Slain by a gnoll sergeant (2 damage)
             ... on level 6 of the Dungeon.
             The game lasted 00:02:22 (4424 turns).

kae the Ruffian (Red Draconian Transmuter)          Turns: 4424, Time: 00:02:23

Health: 0/57       AC:  2    Str: 13    XL:     7   Next: 38%
Magic:  7/11       EV: 20    Int: 15    God:
Gold:   109        SH:  0    Dex: 16    Spells: 9/12 levels left

rFire   . . .      SeeInvis .     - Unarmed
rCold   . . .      Faith    .   (shield currently unavailable)
rNeg    . . .      Spirit   .   (armour unavailable)
rPois   x          Reflect  .   (helmet currently unavailable)
rElec   .          Harm     .   (cloak currently unavailable)
rCorr   .          Rampage  .   (gloves currently unavailable)
Will    .....                   (boots currently unavailable)
Stlth   +.........              (no amulet)
HPRegen 0.19/turn               (no ring)
MPRegen 0.12/turn               (no ring)

@: spider-form
A: venomous fangs, (breathe fire), AC +6, tiny, unfitting armour, (fire
resistance 1), (cold-blooded)
a: End Transformation


You were on level 6 of the Dungeon.
You were a venomous arachnid creature.
You visited 1 branch of the dungeon, and saw 6 of its levels.

You collected 109 gold pieces.

Inventory:

Missiles
 l - a throwing net
Wands
 g - a wand of flame (22)
Scrolls
 e - a scroll of fog
 o - a scroll of vulnerability
Potions
 b - a potion of lignification {unknown}
 c - a potion of haste
 d - a potion of curing
 f - a potion of berserk rage {unknown}
 h - a potion of invisibility {unknown}
 k - a potion of degeneration {unknown}
 p - a potion of magic {unknown}


   Skills:
 + Level 3.4 Fighting
 + Level 3.1 Dodging
 * Level 5.1 Unarmed Combat
 + Level 3.2 Spellcasting
 * Level 4.5 Transmutations
 - Level 2.0 Poison Magic


You had 9 spell levels left.
You knew the following spells:

 Your Spells              Type           Power      Damage    Failure   Level
b - Spider Form           Tmut/Pois      12%        N/A       34%         3

Your spell library contained the following spells:

 Spells                   Type           Power      Damage    Failure   Level
 Beastly Appendage        Tmut           30%        N/A       11%         1
 Wereblood                Tmut           15%        N/A       14%         2
 Animate Skeleton         Necr           4%         N/A       41%         1
 Pain                     Necr           8%         1d4       41%         1
 Vampiric Draining        Necr           2%         2d6       73%         3
 Ice Form                 Ice/Tmut       9%         N/A       80%         4


Dungeon Overview and Level Annotations

Branches:
Dungeon (7/15)
 Temple: D:4-7

Altars:
Cheibriados
Gozag
Qazlal

Annotations:
D:6 Maggie


Innate Abilities, Weirdness & Mutations

You are a venomous arachnid creature.
You have poisonous fangs.
You are tiny and dextrous.
Your spellcasting is less reliable in this form.
Your armour is entirely melded.
You are incapable of wielding weapons or throwing items.
((You can breathe blasts of fire.))
((Your fiery red scales are hard. (AC +6)))
You cannot fit into any form of body armour.
((Your flesh is heat resistant. (rF+)))
((You are cold-blooded and may be slowed by cold attacks.))


Message History

The arrow closely misses you.
Casting: Spider Form (dangerous; 16% risk of failure)
Confirm with . or Enter, or press ? or * to list all spells.
You turn into a venomous arachnid creature.
The centaur unwields a +0 shortbow.
The centaur completely misses you. The centaur kicks you.
The centaur completely misses you. The centaur kicks you.
You hit the centaur.
The centaur is poisoned.
The centaur is moderately wounded.
The centaur misses you. The centaur barely misses you.
You bite the centaur!
The centaur looks as sick as possible!
The centaur is severely wounded.
The centaur misses you. The centaur kicks you.
You bite the centaur!
You kill the centaur!
A gnoll sergeant comes into view. It is wielding a +2 vorpal spear.
You hit the bullfrog zombie.
The bullfrog zombie is severely damaged.
You hit the gnoll.
The gnoll is poisoned.
The gnoll is lightly wounded.
You bite the gnoll!
You kill the gnoll!
The gnoll sergeant hits you from afar with a +2 vorpal spear!
A gnoll comes into view. It is wielding a +0 whip.
The gnoll completely misses you. The white imp completely misses you.
The gnoll sergeant hits you with a +2 vorpal spear!
* * * LOW HITPOINT WARNING * * *
x2
Things that are here:
a +0 club; a +0 shortbow; 17 arrows The gnoll shouts!
You hit the gnoll sergeant.
The gnoll sergeant is poisoned.
The gnoll sergeant is lightly wounded.
You have got your breath back.
You hear a shout!
The gnoll misses you.
A gnoll comes into view. It is wielding a +0 spear.
The white imp completely misses you.
The gnoll sergeant hits you with a +2 vorpal spear.
* * * LOW HITPOINT WARNING * * *
You die...

#))........
##.........
#.........
#.........
##.##....
#..####.
##.## #..#
##s# #5g#
Zg.#


gg... ......# ........ ...#...... ....#$...... You could see a gnoll sergeant
(very poisoned), 3 gnolls, a white imp and a bullfrog zombie.

Vanquished Creatures
  A water moccasin (D:6)
  3 centaurs
  2 bullfrog skeletons
  A hound (D:3)
  Jessica (D:3)
  Natasha (thrice) (D:3)
  An orc wizard (D:7)
  5 gnolls
  4 adders
  2 dart slugs (D:2)
  6 orcs
  4 endoplasms
  5 giant cockroaches
  6 goblins
  7 hobgoblins
  3 kobolds
  3 quokkas
  4 ball pythons
  5 bats
  A frilled lizard (D:2)
  5 rats
72 creatures vanquished.

Notes
Turn   | Place    | Note
-------+----------+-------------------------------------------
     0 | D:1      | kae the Draconian Transmuter began the quest for the Orb.
     0 | D:1      | Reached XP level 1. HP: 16/16 MP: 3/3
   339 | D:1      | Reached XP level 2. HP: 21/23 MP: 5/5
   707 | D:1      | Found a faded altar of an unknown god.
   944 | D:2      | Reached XP level 3. HP: 22/28 MP: 6/6
  1014 | D:2      | Learned a level 3 spell: Spider Form
  1263 | D:2      | Reached skill level 1 in Poison Magic
  1456 | D:2      | Found a snail-covered altar of Cheibriados.
  1570 | D:2      | Reached XP level 4. HP: 34/36 MP: 7/7
  2037 | D:3      | Noticed Jessica
  2046 | D:3      | Killed Jessica
  2047 | D:3      | Reached XP level 5. HP: 27/41 MP: 4/8
  2471 | D:3      | Reached skill level 4 in Unarmed Combat
  2517 | D:3      | Noticed Natasha
  2526 | D:3      | Killed Natasha
  3015 | D:3      | Found an opulent altar of Gozag.
  3072 | D:3      | Noticed Natasha
  3079 | D:3      | Killed Natasha
  3080 | D:3      | Reached XP level 6. HP: 47/50 MP: 5/9
  3215 | D:3      | Found an opulent altar of Gozag.
  3482 | D:3      | Noticed Natasha
  3490 | D:3      | Killed Natasha
  3776 | D:4      | Found a stormy altar of Qazlal.
  3776 | D:4      | You fall into a shaft and drop 3 floors!
  4348 | D:6      | Noticed a water moccasin
  4356 | D:6      | Killed a water moccasin
  4357 | D:6      | Your scales start taking on a fiery red colour.
  4357 | D:6      | Reached XP level 7. HP: 56/57 MP: 7/11
  4357 | D:6      | Gained mutation: Your flesh is heat resistant. (rF+) [Red
                  | Draconian growth]
  4361 | D:6      | Noticed Maggie
  4410 | D:6      | Reached skill level 5 in Unarmed Combat
  4424 | D:6      | HP: 2/57 [gnoll sergeant (4)]
  4424 | D:6      | Slain by a gnoll sergeant

Illustrated notes

Levels and vault maps discovered:
D:1:      sevenhm_arrival_forest_fort_large_4, layout_rooms,
          shapermc_ecumenical_altar_hornbeckon
D:2:      layout_loops_ring, basic_altar
D:3:      layout_basic, mainiacjoe_overflow_surrounded_room, uniq_jessica,
          uniq_natasha
D:4:      layout_basic, nicolae_qazlal_scattered_showers,
          okawaru_altar_gauntlet_db, mainiacjoe_overflow_alcove_2
D:6:      minmay_octagon_keep, layout_basic, gup_ossuary_entry_pyramid,
          uniq_maggie
D:7:      layout_basic, kiku_gazebo_pond_becter, kb_xom_exploding_sheep

Skill      XL: |  1  2  3  4  5  6  7 |
---------------+----------------------+-----
Dodging        | 2 3 |  3.1
Poison Magic   | 1 2 |  2.0
Fighting       | 2 3 |  3.4
Transmutations | 3 4 |  4.5
Unarmed Combat | 4 5 |  5.1
Spellcasting   | 3 |  3.2

Action                   |  1- 3 |  4- 6 |  7- 9 || total
-------------------------+-------+-------+-------++-------
Melee: Unarmed           |   104 |   121 |    17 ||   242
       Headbutt          |     5 |     3 |       ||     8
       Kick              |    15 |     7 |       ||    22
       Tailslap          |     4 |     6 |       ||    10
       Punch             |     1 |     2 |       ||     3
 Cast: Beastly Appendage |    21 |     6 |       ||    27
       Spider Form       |       |    12 |     2 ||    14
 Abil: Breathe Fire      |       |       |     1 ||     1
  Use: Scroll            |     2 |     7 |       ||     9
       Potion            |       |       |     1 ||     1
Armor: Skin              |    40 |    20 |     4 ||    64
Dodge: Dodged            |    69 |   103 |    32 ||   204

Table legend: (Time is in decaauts)
 A = Elapsed time spent in this place.
 B = Non-inter-level travel time spent in this place.
 C = Inter-level travel time spent in this place.
 D = Time resting spent in this place.
 E = Time spent auto-exploring this place.
 F = Levels seen in this place.
 G = Mean time per level.
                   A        B        C        D        E       F      G
               +--------+--------+--------+--------+--------+-----+--------+
         Total |   4417 |   4296 |    121 |    585 |   3108 |   6 |  736.2 |
       Dungeon |   4417 |   4296 |    121 |    585 |   3108 |   6 |  736.2 |
               +--------+--------+--------+--------+--------+-----+--------+

Top non-repeatable levels by time:
     D:3: 1646 daAuts
     D:2: 1194 daAuts
     D:1: 928 daAuts
     D:7: 461 daAuts
     D:6: 181 daAuts
     D:4: 4 daAuts
